 Dungeon Crawl Stone Soup version 0.28.0-45-g0d030f2227 (webtiles) character file.

Game seed: 15167206730955521650

107 zeratav the Insei (level 4, -3/29 HPs)
             Began as an Octopode Transmuter on Apr 9, 2022.
             Slain by a human zombie (8 damage)
             ... in an ossuary.
             The game lasted 00:04:55 (3252 turns).

zeratav the Insei (Octopode Transmuter)             Turns: 3252, Time: 00:04:56

Health: -3/29      AC:  1    Str:  9    XL:     4   Next: 86%
Magic:  7/7        EV: 13    Int: 15    God:
Gold:   140        SH:  0    Dex: 14    Spells: 3/7 levels left

rFire   . . .      SeeInvis .   b - +1 dagger (venom) {short}
rCold   . . .      Faith    .   (no shield)
rNeg    . . .      Spirit   .   (helmet restricted)
rPois   +          Reflect  .   (no amulet)
rElec   .          Harm     .   e - ring of poison resistance
rCorr   .          Rampage  .   j - ring of poison resistance
Will    .....                   (no ring)
Stlth   +++.......              (no ring)
HPRegen 0.09/turn               (no ring)
MPRegen 0.10/turn               (no ring)
                                (no ring)
                                (no ring)

@: marked
A: almost no armour, amphibious, 8 rings, camouflage 1, gelatinous body 1,
(nimble swimmer 1), tentacles
a: no special abilities


You were in an ossuary.
You visited 1 branch of the dungeon, and saw 4 of its levels.
You also visited: Ossuary.

You collected 140 gold pieces.


Innate Abilities, Weirdness & Mutations

You cannot wear most types of armour.
You are amphibious.
You can wear up to eight rings at the same time.
Your skin changes colour to match your surroundings (Stealth+).
Your rubbery body absorbs attacks. (AC +1, EV +1)
((You are camouflaged when in or above water. (Stealth+)))
You have tentacles for arms and can constrict up to eight enemies at once.


   Skills:
 + Level 2.1 Fighting
 + Level 2.7 Dodging
 + Level 2.6 Stealth
 * Level 4.1 Unarmed Combat
 - Level 2.0 Spellcasting
 - Level 2.0 Transmutations


You had 3 spell levels left.
You knew the following spells:

 Your Spells              Type           Power      Damage    Failure   Level
a - Beastly Appendage     Tmut           14%        N/A       10%         1
b - Spider Form           Tmut/Pois      4%         N/A       41%         3

Your spell library contained the following spells:

 Spells                   Type           Power      Damage    Failure   Level
 Wereblood                Tmut           7%         N/A       14%         2
 Animate Skeleton         Necr           2%         N/A       22%         1
 Pain                     Necr           4%         1d4       22%         1
 Vampiric Draining        Necr           1%         2d6       54%         3
 Ice Form                 Ice/Tmut       4%         N/A       82%         4

Inventory:

Hand Weapons
 b - a +1 dagger of venom (weapon) {short}
   (You took it off a goblin on level 1 of the Dungeon)
Jewellery
 e - a ring of poison resistance (left tentacle)
   (You found it on level 2 of the Dungeon)
 j - a ring of poison resistance (right tentacle)
   (You found it on level 3 of the Dungeon)
Scrolls
 a - 4 scrolls of identify {unknown}
 f - a scroll of amnesia {unknown}
 g - a scroll of torment {unknown}
 k - 2 scrolls of magic mapping {unknown}
 l - a scroll of teleportation {unknown}
Potions
 c - a potion of lignification {unknown}
 d - 2 potions of brilliance {unknown}
 h - 2 potions of degeneration {unknown}
 i - a potion of mutation {unknown}

Dungeon Overview and Level Annotations

Branches:
Dungeon (4/15)            Ossuary (1/1)
 Temple: D:4-7

Altars:

Shops:
D:1 * D:2

(
#...##############...#
#...# ...# #...# #...#
#...# #...# #...#
....+####...# #...#
#.∩.....#...# #...#
#.......#...# #...#
#.......#...#
#...#Z####.......#...#
#...#ZZM@Z.......#...#
#...#.####.^####.#...#
#...# #.^# #...# #...#
#^.# #...#
#...######.^######...#
#....................#
#........8..8........#
#....................#
#....................#


You could see a mummy, an adder zombie, a rat zombie and 2 human zombies.


Message History

HP[+1]
You barely miss the orc zombie. You grab the orc zombie.
You constrict the orc zombie. The orc zombie hits you.
HP[-1]
You take 1 damage, and now have 21/29 hp.
You hit the orc zombie. You constrict the orc zombie.
The orc zombie misses you.
You hit the orc zombie but do no damage.
You constrict the orc zombie. The orc zombie barely misses you.
You hit the orc zombie.
You destroy the orc zombie!
You start resting.
HP[+8]
Your hp is fully restored (29).
Really wriggle onto that alarm trap?
You set off the alarm!
The alarm trap emits a blaring wail!
A sentinel's mark forms upon you.
Found a gate leading back out of this place.
Really wriggle onto that alarm trap?
You set off the alarm!
The alarm trap emits a blaring wail!
The mark upon you grows brighter.
A hobgoblin zombie and a kobold zombie come into view.
A kobold zombie comes into view.
An adder zombie comes into view.
A rat zombie comes into view.
The kobold zombie completely misses you.
You hit the kobold zombie. You grab the kobold zombie.
You squeeze the kobold zombie. You constrict the kobold zombie.
The kobold zombie hits you.
HP[-1]
You take 1 damage, and now have 28/29 hp.
You hit the kobold zombie but do no damage.
You constrict the kobold zombie. The kobold zombie barely misses you.
You hit the kobold zombie.
You destroy the kobold zombie!
The adder zombie closely misses you.
You barely miss the adder zombie. Your grab misses the adder zombie.
An adder zombie comes into view.
The adder zombie barely misses you.
You hit the adder zombie. Your grab misses the adder zombie.
Your squeeze misses the adder zombie. The adder zombie bites you.
HP[-3]
You take 3 damage, and now have 25/29 hp.
You hit the adder zombie. You grab the adder zombie.
You squeeze the adder zombie, but do no damage.
You constrict the adder zombie. The adder zombie bites you.
A rat zombie comes into view.
A mummy comes into view. x2
HP[-2]
You take 2 damage, and now have 23/29 hp.
You hit the adder zombie but do no damage.
You constrict the adder zombie. The adder zombie bites you.
HP[-2]
You take 2 damage, and now have 21/29 hp.
You hit the adder zombie. You constrict the adder zombie.
The adder zombie misses you.
A human zombie comes into view.
You hit the adder zombie. You squeeze the adder zombie.
You destroy the adder zombie!
Your Fighting skill increases to level 2!
You hit the mummy. You grab the mummy. You constrict the mummy.
The mummy barely misses you.
You hit the mummy. You constrict the mummy.
The hobgoblin zombie closely misses you.
The mummy barely misses you.
HP[+1]
You hit the hobgoblin zombie. You grab the hobgoblin zombie.
You constrict the mummy. You constrict the hobgoblin zombie.
A human zombie comes into view.
The hobgoblin zombie misses you.
You hit the mummy. You constrict the mummy. You constrict the hobgoblin zombie.
The mummy hits you!
Ouch! That really hurt!
* * * LOW HITPOINT WARNING * * *
The hobgoblin zombie closely misses you.
HP[-15]
You take 15 damage, and now have 7/29 hp.
MASSIVE DAMAGE!! (PAUSE)
You hit the mummy. You constrict the mummy. You constrict the hobgoblin zombie.
The hobgoblin zombie closely misses you.
You hit the mummy. You constrict the mummy. You constrict the hobgoblin zombie.
You destroy the hobgoblin zombie!
The mummy misses you.
You hit the mummy but do no damage. You constrict the mummy.
You destroy the mummy!
You hit the rat zombie but do no damage.
You grab the rat zombie. You constrict the rat zombie.
The rat zombie barely misses you. The mummy hits you.
* * * LOW HITPOINT WARNING * * *
HP[-2]
You take 2 damage, and now have 5/29 hp.
You hit the rat zombie but do no damage.
You constrict the rat zombie. The rat zombie completely misses you.
You hit the rat zombie. You constrict the rat zombie.
You destroy the rat zombie!
The mummy barely misses you.
You closely miss the human zombie. Your grab misses the human zombie.
Your squeeze misses the human zombie. The human zombie hits you!
You die...

Skill      XL: |  1  2  3  4 |
---------------+-------------+-----
Stealth        | 1 2 |  2.6
Unarmed Combat | 4 |  4.1
Fighting       | 2 |  2.1
Dodging        | |  2.7
Spellcasting   | |  2.0
Transmutations | |  2.0

Action                   |  1- 3 |  4- 6 || total
-------------------------+-------+-------++-------
Melee: Unarmed           |    18 |     5 ||    23
       Kick              |     6 |       ||     6
       Constrict         |    14 |    29 ||    43
       Tentacles         |     9 |    14 ||    23
       Punch             |     2 |     1 ||     3
       Dagger            |    32 |    92 ||   124
 Cast: Beastly Appendage |    17 |     5 ||    22
       Spider Form       |       |     1 ||     1
 Stab: Sleeping          |    18 |     3 ||    21
Armor: Skin              |     2 |    13 ||    15
Dodge: Dodged            |    15 |    65 ||    80

Levels and vault maps discovered:
D:1:      dpeg_arrival_snail, layout_basic, serial_shops, shop,
          corexii_leaking_fountain, chequers_serial_rivers_room_b
D:2:      layout_loops_corners, chequers_ecumenical_altar_simple_redux,
          serial_shops, shop
D:3:      layout_loops_cross, minmay_misc_feat_more_columns
D:4:      layout_loops_ring, nicolae_ossuary_entry_plus
Ossuary:  ossuary_tomb_1

Notes
Turn   | Place    | Note
-------+----------+-------------------------------------------
     0 | D:1      | zeratav the Octopode Transmuter began the quest for the
                  | Orb.
     0 | D:1      | Reached XP level 1. HP: 13/13 MP: 3/3
     0 | D:1      | magus.rc [v1.9.6]
   330 | D:1      | Found Yrepho Ahia's Assorted Antiques.
   345 | D:1      | Reached XP level 2. HP: 18/18 MP: 5/5
   453 | D:1      | Reached skill level 1 in Stealth
   947 | D:1      | You fall into a shaft and drop 1 floor!
   955 | D:2      | Found Umuok's Antique Weapon Shop.
  1037 | D:2      | Found a faded altar of an unknown god.
  1599 | D:2      | Reached XP level 3. HP: 23/23 MP: 4/6
  2215 | D:3      | Reached skill level 2 in Stealth
  2242 | D:3      | Reached XP level 4. HP: 29/29 MP: 5/7
  2879 | D:3      | You pick up a book of Necromancy and begin reading...
  2879 | D:3      | You add the spells Pain, Animate Skeleton and Vampiric
                  | Draining to your library.
  2976 | D:4      | Found a sand-covered staircase.
  2981 | Ossuary  | Entered an ossuary
  3005 | Ossuary  | Learned a level 3 spell: Spider Form
  3080 | Ossuary  | Reached skill level 4 in Unarmed Combat
  3242 | Ossuary  | Reached skill level 2 in Fighting
  3245 | Ossuary  | HP: 7/29 [mummy (15)]
  3252 | Ossuary  | Slain by a human zombie

Vanquished Creatures
  A mummy (Ossuary)
  2 adders
  An adder zombie (Ossuary)
  An orc (D:3)
  4 endoplasms
  3 giant cockroaches
  5 goblins
  6 hobgoblins
  5 jackals
  6 kobolds
  A quokka (D:2)
  5 ball pythons
  4 bats
  3 frilled lizards
  7 hobgoblin zombies (Ossuary)
  8 kobold zombies (Ossuary)
  7 orc zombies (Ossuary)
  3 rats
  A rat zombie (Ossuary)
73 creatures vanquished.

Table legend:
 A = Non-vault XP
 B = Vault XP
 C = Vault XP percentage of total XP
 D = Non-vault monster count
 E = Vault monster count
 F = Vault count percentage of total count
                 A         B        C        D         E       F
            +---------+---------+-------+---------+---------+-------
      Total |     104 |      50 |  32.5 |      48 |      25 |  34.2
            +---------+---------+-------+---------+---------+-------
        D:1 |      27 |       0 |   0.0 |      16 |       0 |   0.0
        D:2 |      34 |       0 |   0.0 |      14 |       0 |   0.0
        D:3 |      43 |       0 |   0.0 |      18 |       0 |   0.0
    Ossuary |       0 |      50 | 100.0 |       0 |      25 | 100.0
            +---------+---------+-------+---------+---------+-------

Illustrated notes

Table legend:
 A = Kills in this place as a percentage of kills in entire the game.
 B = Kills by you in this place as a percentage of kills by you in the entire game.
 C = Kills by friends in this place as a percentage of kills by friends in the entire game.
 D = Other kills in this place as a percentage of other kills in the entire game.
 E = Experience gained in this place as a percentage of experience gained in the entire game.
 F = Experience gained in this place divided by the number of levels of this place that you have seen.
                   A       B       C       D       E      F
               +-------+-------+-------+-------+-------+----------------------
         Total | 100.0 | 100.0 |   N/A |   N/A | 100.0 |  30.8
       Dungeon |  65.8 |  65.8 |   N/A |   N/A |  67.5 |  26.0
       Ossuary |  34.2 |  34.2 |   N/A |   N/A |  32.5 |  50.0
               +-------+-------+-------+-------+-------+----------------------

Table legend: (Time is in decaauts)
 A = Elapsed time spent in this place.
 B = Non-inter-level travel time spent in this place.
 C = Inter-level travel time spent in this place.
 D = Time resting spent in this place.
 E = Time spent auto-exploring this place.
 F = Levels seen in this place.
 G = Mean time per level.
                   A        B        C        D        E       F      G
               +--------+--------+--------+--------+--------+-----+--------+
         Total |   3249 |   3081 |    168 |    104 |   2476 |   5 |  649.8 |
       Dungeon |   2978 |   2810 |    168 |      0 |   2464 |   4 |  744.5 |
       Ossuary |    270 |    270 |      0 |    104 |     12 |   1 |  270.0 |
               +--------+--------+--------+--------+--------+-----+--------+

Top non-repeatable levels by time:
     D:1: 1236 daAuts
     D:2: 879 daAuts
     D:3: 812 daAuts
 Ossuary: 270 daAuts
     D:4: 50 daAuts
